 Dungeon Crawl Stone Soup version 0.32-a0-571-gec57dfcd37 (webtiles) character file.

Game seed: 1042892833264318773

35 hikkokomori the Chopper (level 3, -1/33 HPs)
             Began as a Mountain Dwarf Cinder Acolyte on Mar 1, 2024.
             Was a High Priest of Ignis.
             Slain by a ribbon worm (2 damage)
             ... on level 2 of the Dungeon.
             The game lasted 00:01:09 (590 turns).

hikkokomori the Chopper (MDCA)                       Turns: 590, Time: 00:01:09

Health: -1/33      AC:  2    Str: 16    XL:     3   Next: 16%
Magic:  4/4        EV: 11    Int: 16    God:    Ignis [*****.]
Gold:   8          SH:  0    Dex:  5    Spells: 2/4 levels left

rFire   + . .        a - -1 hand axe (flame)
rCold   . . .        (no shield)
rNeg    . . .        b - +0 robe
rPois   .            (no helmet)
rElec   .            (no cloak)
rCorr   .            (no gloves)
SInv    .            (no boots)
Will    .....        (no amulet)
Stlth   +            (no ring)
HPRegen 0.25/turn    (no ring)
MPRegen 0.09/turn

%: no passive effects
@: no status effects
A: runic magic, artefact enchanting
a: Renounce Religion, Fiery Armour, Foxfire Swarm, Rising Flame


You were on level 2 of the Dungeon.
You worshipped Ignis.
Ignis was extremely pleased with you.
You visited 1 branch of the dungeon, and saw 2 of its levels.

You collected 8 gold pieces.

Inventory:

Hand Weapons
 a - a -1 hand axe of flaming (weapon)
Armour
 b - a +0 robe (worn)
 e - a +0 helmet
Scrolls
 c - a scroll of identify {unknown}
Potions
 d - 2 potions of berserk rage {unknown}


   Skills:
 + Level 3.8 Fighting
 + Level 4.1 Axes
 - Level 1.2 Spellcasting
 + Level 4.1 Fire Magic


You had 2 spell levels left.
You knew the following spells:

 Your Spells              Type           Power      Damage    Failure   Level
a - Scorch                Fire           28%        2d6       6%          2

Your spell library contained the following spells:

 Spells                   Type           Power      Damage    Failure   Level


Dungeon Overview and Level Annotations

Branches:
Dungeon (2/15)

Altars:


Innate Abilities, Weirdness & Mutations

Your spellcasting is much less encumbered by armour.
You can use scrolls of enchantment on lesser artefacts.


Message History

The ribbon worm bites you.
The web tears apart.
The ribbon worm closely misses you.
You barely miss the ribbon worm. The ribbon worm bites you.
You hit the ribbon worm but do no damage.
You hit the ribbon worm. You burn the ribbon worm.
The ribbon worm is moderately wounded.
The ribbon worm bites you.
You hit the ribbon worm. You burn the ribbon worm.
The ribbon worm is heavily wounded.
The ribbon worm bites you.
You hit the ribbon worm. You burn the ribbon worm.
The ribbon worm is almost dead.
The ribbon worm expels a string of sticky webbing.
The stream of webbing hits you but does no damage.
You are caught in a web!
You struggle to detach yourself from the web.
The ribbon worm bites you.
The web tears apart.
The ribbon worm bites you but does no damage.
You hit the ribbon worm but do no damage.
The ribbon worm is severely wounded.
The ribbon worm bites you!
* * * LOW HITPOINT WARNING * * *
You hit the ribbon worm but do no damage.
The ribbon worm is heavily wounded.
You completely miss the ribbon worm.
The ribbon worm is heavily wounded.
The ribbon worm closely misses you.
You completely miss the ribbon worm.
The ribbon worm is heavily wounded.
The ribbon worm expels a string of sticky webbing.
The stream of webbing hits you but does no damage.
You are caught in a web!
The web tears apart.
The ribbon worm bites you!
* * * LOW HITPOINT WARNING * * *
You hit the ribbon worm. You burn the ribbon worm.
The ribbon worm is heavily wounded.
The ribbon worm bites you.
You die...
Ignis goes out, and joins you in death.

..... #...... .......
#...... #...... #......
#......## #......#######
.......# #... ..#......
###..##.####.##+##.......
.....................(...
#.............###.......
#......@w##''####.......
.........##..†.##........
##.#######...†..##.......
# #..#.##..#..####.
#.....#..##.# #.
#..#.....##.# #.
#..##.#..##.. #.
##......######...
##....## ##..


You could see a ribbon worm.

Vanquished Creatures
  2 ball pythons
  A bat (D:1)
  5 endoplasms
  2 giant cockroaches (D:1)
  3 goblins (D:1)
  4 hobgoblins (D:1)
  4 jackals (D:1)
  2 quokkas (D:1)
  4 rats
27 creatures vanquished.

Notes
Turn   | Place    | Note
-------+----------+-------------------------------------------
     0 | D:1      | hikkokomori the Mountain Dwarf Cinder Acolyte began the
                  | quest for the Orb.
     0 | D:1      | Reached XP level 1. HP: 19/19 MP: 2/2
   178 | D:1      | Reached XP level 2. HP: 22/26 MP: 3/3
   245 | D:1      | Learned a level 2 spell: Scorch
   448 | D:1      | Reached XP level 3. HP: 26/33 MP: 4/4
   525 | D:1      | You fall into a shaft and drop 1 floor!
   589 | D:2      | HP: 1/33 [ribbon worm (7)]
   590 | D:2      | Slain by a ribbon worm

Illustrated notes

Levels and vault maps discovered:
D:1:      eino_arrival_druids_welcome, layout_loops_ring, minmay_cut_off
D:2:      layout_basic, kennysheep_generic_room_3

Skill      XL: |  1  2 |
---------------+-------+-----
Axes           | 4 |  4.1
Fire Magic     | 4 |  4.1
Fighting       | |  3.8
Spellcasting   | |  1.2

Action                     || total
---------------------------++-------
  Melee: Hand axe          ||    90
 Armour: Robe              ||    52
  Dodge: Dodged            ||    49

Table legend: (Time is in decaauts)
 A = Elapsed time spent in this place.
 B = Non-inter-level travel time spent in this place.
 C = Inter-level travel time spent in this place.
 D = Time resting spent in this place.
 E = Time spent auto-exploring this place.
 F = Levels seen in this place.
 G = Mean time per level.
                   A        B        C        D        E       F      G
               +--------+--------+--------+--------+--------+-----+--------+
         Total |    599 |    599 |      0 |      0 |    417 |   2 |  299.5 |
       Dungeon |    599 |    599 |      0 |      0 |    417 |   2 |  299.5 |
               +--------+--------+--------+--------+--------+-----+--------+

Top non-repeatable levels by time:
     D:1: 533 daAuts
     D:2: 66 daAuts
